 Dungeon Crawl Stone Soup version 0.27-a0-1528-g90fbb72469 (webtiles) character file.

Game seed: 2714316414142246062

5134 GenialerGandalf the Cleaver (level 10, -5/85 (86) HPs)
             Began as a Minotaur Fighter on July 9, 2021.
             Slain by a 12-headed hydra (8 damage)
             ... on level 8 of the Dungeon on July 11, 2021.
             The game lasted 00:49:04 (12844 turns).

GenialerGandalf the Cleaver (Minotaur Fighter)     Turns: 12844, Time: 00:49:09

HP:   -5/85 (86)    AC: 18    Str: 23 (25) XL:     10   Next: 33%
MP:   4/4           EV: 12    Int:  2 (5)  God:
Gold: 417           SH: 17    Dex:  6 (9)  Spells: 13/13 levels left

rFire    . . .     SeeInvis .   E - +4 flail (antimagic)
rCold    . . .     Faith    .   F - +0 tower shield
rNeg     . . .     Spirit   .   w - +2 ring mail {rPois}
rPois    +         Reflect  .   (helmet restricted)
rElec    .         Harm     .   f - +2 cloak
rCorr    .         Rampage  .   (no gloves)
Will     .....                  A - +1 pair of boots
Stlth    ..........             C - amulet of the acrobat
HPRegen  0.24/turn              B - +4 ring of protection
MPRegen  0.09/turn              L - +4 ring of evasion

@: mighty, lightly drained
A: horns 2, retaliatory headbutt
a: no special abilities


You were on level 8 of the Dungeon.
You visited 2 branches of the dungeon, and saw 10 of its levels.

You collected 417 gold pieces.

Inventory:

Hand Weapons
 a - a +0 war axe
 E - a +4 antimagic flail (weapon)
 G - a +2 war axe of freezing
Missiles
 r - a throwing net
 u - 7 atropa-tipped darts
 M - a curare-tipped dart
Armour
 b - a +0 scale mail
 c - a +1 kite shield
 f - a +2 cloak (worn)
 q - a +0 chain mail
 w - a +2 ring mail of poison resistance (worn)
 z - a +0 helmet
 A - a +1 pair of boots (worn)
 F - a +0 tower shield (worn)
Magical Staves
 i - a staff of fire
 D - a staff of fire
 J - a staff of cold
Jewellery
 B - a +4 ring of protection (left hand)
 C - an amulet of the acrobat (around neck)
 L - a +4 ring of evasion (right hand)
 O - a +4 ring of evasion
Wands
 o - a wand of polymorph (1)
 x - a wand of flame (23) (quivered)
 y - a wand of digging (2)
 K - a wand of charming (6)
 R - a wand of paralysis (9)
Scrolls
 g - a scroll of immolation {unknown}
 h - a scroll of fear {unknown}
 l - a scroll of teleportation
 n - 3 scrolls of silence {unknown}
 t - 2 scrolls of vulnerability
 H - a scroll of enchant armour
 I - 3 scrolls of identify
 Q - a scroll of magic mapping {unknown}
Potions
 d - 2 potions of might
 e - 2 potions of curing {unknown}
 j - a potion of degeneration
 k - 2 potions of attraction {unknown}
 m - a potion of magic {unknown}
 p - 2 potions of ambrosia
 s - 3 potions of lignification {unknown}
 v - a potion of mutation {unknown}
 N - a potion of flight {unknown}
 P - a potion of heal wounds {unknown}


   Skills:
 * Level 7.3 Fighting
 * Level 11.4 Axes
 * Level 8.3 Armour
 + Level 3.6 Dodging
 + Level 0.2 Stealth
 * Level 9.3 Shields
 - Level 1.0 Unarmed Combat
 * Level 2.0 Spellcasting


You had 13 spell levels left.
You didn't know any spells.
Your spell library contained the following spells:

 Spells                   Type           Power      Damage    Failure   Level
 Static Discharge         Conj/Air       0%         N/A       100%        2
 Frozen Ramparts          Ice            0%         1d2       100%        3
 Fulminant Prism          Conj/Hex       0%         3d6       100%        4
 Ice Form                 Ice/Tmut       0%         N/A       100%        4
 Iskenderun's Mystic Bla  Conj/Tloc      0%         2d3       100%        4
 Summon Ice Beast         Ice/Summ       0%         N/A       100%        4
 Lee's Rapid Deconstruct  Erth           0%         3d5*      100%        5
 Lightning Bolt           Conj/Air       0%         1d11      100%        5
 Maxwell's Capacitive Co  Air            0%         ∞         100%        8


Dungeon Overview and Level Annotations

Branches:
Dungeon (9/15)             Temple (1/1) D:5
   Lair: D:8-11         Orc: D:9-12

Altars:
Ashenzari
Cheibriados
Dithmenos
Elyvilon
Fedhas
Gozag
Hepliaklqana
Kikubaaqudgha
Makhleb
Nemelex Xobeh
Okawaru
Qazlal
Ru
Sif Muna
Trog
Uskayaw
Wu Jian
Xom
Yredelemnul
Zin
The Shining One
Jiyva

Shops:
D:5 (

Annotations:
D:8 3 runed translucent doors, Gilette's ghost, journeyman HOMo


Innate Abilities, Weirdness & Mutations

You have a pair of horns on your head.
You reflexively headbutt those who attack you in melee.


Message History

The 12-headed hydra misses you. The 12-headed hydra bites you.
You block the 12-headed hydra's attack. The 12-headed hydra misses you.
The 12-headed hydra bites you!
The 12-headed hydra bites you but does no damage.
The 12-headed hydra closely misses you.
The 12-headed hydra barely misses you. x3
The 12-headed hydra bites you.
The 12-headed hydra bites you but does no damage. x2
The 12-headed hydra closely misses you.
The 12-headed hydra bites you but does no damage.
The 12-headed hydra bites you!
* * * LOW HITPOINT WARNING * * *
The 12-headed hydra barely misses you.
You block the 12-headed hydra's attack. x2
The 12-headed hydra completely misses you.
The 12-headed hydra closely misses you.
The 12-headed hydra completely misses you.
You block the 12-headed hydra's attack.
The 12-headed hydra completely misses you. x4
The 12-headed hydra bites you!
* * * LOW HITPOINT WARNING * * *
There is a stone staircase leading up here.
You block the 12-headed hydra's attack. x3
The 12-headed hydra closely misses you.
You block the 12-headed hydra's attack. x2
The 12-headed hydra bites you but does no damage. x2
The 12-headed hydra bites you.
* * * LOW HITPOINT WARNING * * *
The 12-headed hydra bites you!
* * * LOW HITPOINT WARNING * * *
The 12-headed hydra bites you but does no damage.
The 12-headed hydra bites you.
* * * LOW HITPOINT WARNING * * *
You climb upwards.
Level annotation: 3 runed translucent doors, Gilette's ghost, journeyman HOMo
There is a stone staircase leading down here.
It was a potion of degeneration.
There was something very wrong with that liquid.
You feel weakened.
You feel dopey.
You feel clumsy. You block the 12-headed hydra's attack.
The 12-headed hydra bites you but does no damage.
The 12-headed hydra bites you!
You die...

#.......### #......###
###.###.....# #.........
#.....##....####### ####.#.#.#
#.#.#..#.#........# ### #.#.#.#
#.#..#.#..........# #.# #)#.#..
#.##)..####.......###.# #)#.##.
#..####...##..........# #)#....
#....)#.#..#....D.###.# #.####.
#.#.#.#..#.#....@.# #.# #.# #.
......##..........###.### #.# #.
#.###..###..............###.## #.
........................##...# ##
#.###.....##............##...####
#.....######'####.......##.......
####............#.......##.......
.........>......#.......##.......
..............[.#..(....##.......


You could see a 12-headed hydra.

Vanquished Creatures
  An unseen horror (D:8)
  A hornet (D:9)
  Grinder (D:3)
  5 yaks (D:8)
  2 steam dragons (D:7)
  A water moccasin (D:5)
  A hornet zombie (D:8)
  An ice beast (D:5)
  A black bear (D:8)
  3 orc warriors
  A sky beast (D:8)
  5 centaurs
  A necrophage (D:6)
  A phantom (D:4)
  3 kobold brigands
  3 bullfrogs
  2 gnoll sergeants
  A wyvern zombie (D:5)
  5 scorpions
  7 wights
  3 killer bees (D:9)
  A howler monkey (D:8)
  2 jellies
  2 hounds
  3 orc priests
  A centaur skeleton (D:7)
  An iron imp (D:8)
  4 iguanas
  5 orc wizards
  A scorpion zombie (D:5)
  A hound zombie (D:5)
  A hound skeleton (D:4)
  6 gnolls
  A howler monkey zombie (D:8)
  5 adders
  A white imp (D:6)
  An adder skeleton (D:4)
  A worm (D:3)
  3 dart slugs
  21 orcs
  6 bats
  12 endoplasms
  5 giant cockroaches
  6 goblins
  10 hobgoblins
  14 jackals
  23 kobolds
  3 quokkas
  7 ball pythons
  3 frilled lizards
  2 goblin skeletons (D:8)
  A goblin zombie (D:8)
  A hobgoblin zombie (D:8)
  2 kobold skeletons (D:8)
  3 kobold zombies (D:8)
  2 orc skeletons (D:8)
  2 orc zombies (D:8)
  6 rats
  3 bushes (D:9)
221 creatures vanquished.

Vanquished Creatures (others)
  3 plants (D:9)
3 creatures vanquished.

Grand Total: 224 creatures vanquished

Notes
Turn   | Place    | Note
-------+----------+-------------------------------------------
     0 | D:1      | GenialerGandalf the Minotaur Fighter began the quest for
                  | the Orb.
     0 | D:1      | Reached XP level 1. HP: 19/19 MP: 0/0
   292 | D:1      | Reached XP level 2. HP: 20/27 MP: 1/1
   734 | D:1      | Reached skill level 3 in Axes
   734 | D:1      | Reached XP level 3. HP: 33/33 MP: 2/2
  1081 | D:1      | Found a faded altar of an unknown god.
  1497 | D:2      | Reached XP level 4. HP: 18/40 MP: 3/3
  1499 | D:2      | Reached skill level 4 in Axes
  2990 | D:3      | Noticed Grinder
  3003 | D:3      | Paralysed by Grinder for 2 turns
  3012 | D:3      | Paralysed by Grinder for 5 turns
  3027 | D:3      | Killed Grinder
  3028 | D:3      | Reached skill level 5 in Axes
  3028 | D:3      | Reached skill level 5 in Armour
  3028 | D:3      | Reached skill level 1 in Dodging
  3028 | D:3      | Reached skill level 5 in Shields
  3028 | D:3      | Reached XP level 5. HP: 15/46 MP: 4/4
  3028 | D:3      | Reached XP level 6. HP: 17/52 MP: 5/5
  4155 | D:3      | Reached skill level 1 in Unarmed Combat
  4904 | D:4      | Reached XP level 7. HP: 60/60 MP: 6/6
  5488 | D:5      | Entered Level 5 of the Dungeon
  5498 | D:5      | Reached skill level 6 in Axes
  5602 | D:5      | Found Ibug's Weapon Shoppe.
  5792 | D:5      | Found a staircase to the Ecumenical Temple.
  6104 | D:5      | Reached XP level 8. HP: 32/67 MP: 7/7
  6180 | Temple   | Entered the Ecumenical Temple
  6369 | D:5      | Reached skill level 5 in Fighting
  6369 | D:5      | Reached skill level 7 in Axes
  7148 | D:6      | Upgraded the game from 0.27-a0-1512-g99fd57bada to
                  | 0.27-a0-1528-g90fbb72469
  7282 | D:6      | Found a shadowy altar of Dithmenos.
  7347 | D:6      | Reached skill level 8 in Axes
  8931 | D:7      | Reached XP level 9. HP: 75/75 MP: 8/8
  9082 | D:7      | Reached skill level 9 in Axes
  9446 | D:8      | Reached skill level 1 in Spellcasting
  9546 | D:8      | Found a glowing golden altar of the Shining One.
  9976 | D:8      | Found a runed translucent gate.
  9977 | D:8      | Found a runed translucent gate.
  9977 | D:8      | Found a runed translucent gate.
  9977 | D:8      | Noticed Gilette's ghost (journeyman HOMo)
  9981 | D:8      | Found a viscous altar of Jiyva.
 10134 | D:8      | Reached skill level 10 in Axes
 10390 | D:8      | Reached XP level 10. HP: 84/84 MP: 11/11
 10405 | D:8      | Found an opulent altar of Gozag.
 10670 | D:8      | Reached skill level 11 in Axes
 11735 | D:9      | Noticed an eight-headed hydra
 12236 | D:9      | Found a stormy altar of Qazlal.
 12237 | D:9      | Found a sacrificial altar of Ru.
 12244 | D:9      | Found an iron altar of Okawaru.
 12842 | D:9      | HP: 3/85 [12-headed hydra (10)]
 12844 | D:8      | Slain by a 12-headed hydra

Illustrated notes

Levels and vault maps discovered:
D:1:      heliophobic_arrival_ceremonial_halls, layout_basic,
          shapermc_ecumenical_altar_pompeii, minmay_misc_feat_diagonals
D:2:      layout_basic, kennysheep_boxes
D:3:      layout_loops_cross, uniq_grinder
D:4:      layout_loops_ring, kennysheep_generic_room_15
D:5:      layout_rooms, lemuel_temple_firewalk_b, serial_shops, shop_statue
D:6:      layout_basic, nicolae_dithmenos_shadow_blocks, st_stairs_4,
          serial_bayou_pond_d, minivault_22
D:7:      layout_loops_ring, palyth_stone_intersect
D:8:      layout_basic, nicolae_tso_besieged_by_evil,
          mainiacjoe_overflow_concentric_impassable, gammafunk_ghost_ooze,
          minmay_bent
D:9:      layout_grid_maze, gammafunk_temple_overflow_forgotten,
          lair_entry_dummy
Temple:   minmay_freezing_vapour_temple

Skill      XL: |  1  2  3  4  5  6  7  8  9 10 |
---------------+-------------------------------+-----
Armour         | 4 5 6 7 8 |  8.3
Shields        | 4 5 6 7 8 9 |  9.3
Axes           | 3 5 6 8 10 11 | 11.4
Fighting       | 4 6 7 |  7.3
Dodging        | 1 2 3 |  3.6
Unarmed Combat | 1 |  1.0
Spellcasting   | 1 2 |  2.0
Stealth        | |  0.2

Action                   |  1- 3 |  4- 6 |  7- 9 | 10-12 || total
-------------------------+-------+-------+-------+-------++-------
Melee: War axe           |    87 |   111 |   318 |    56 ||   572
       Headbutt          |    10 |    21 |    53 |    49 ||   133
       Unarmed           |       |    11 |       |       ||    11
       Flail             |       |       |       |   114 ||   114
  Use: Scroll            |       |       |     8 |     1 ||     9
       Potion            |       |       |       |     2 ||     2
Armor: Scale mail        |    80 |    38 |       |       ||   118
       Skin              |       |    13 |       |       ||    13
       Chain mail        |       |    10 |    39 |       ||    49
       Ring mail         |       |       |    87 |    79 ||   166
Dodge: Dodged            |    38 |    48 |   114 |   105 ||   305
Block: Kite shield       |    73 |    71 |   197 |    45 ||   386
       Tower shield      |       |       |       |    59 ||    59

Table legend: (Time is in decaauts)
 A = Elapsed time spent in this place.
 B = Non-inter-level travel time spent in this place.
 C = Inter-level travel time spent in this place.
 D = Time resting spent in this place.
 E = Time spent auto-exploring this place.
 F = Levels seen in this place.
 G = Mean time per level.
                   A        B        C        D        E       F      G
               +--------+--------+--------+--------+--------+-----+--------+
         Total |  13057 |  12772 |    285 |   2558 |   3901 |  10 | 1305.7 |
       Dungeon |  12955 |  12670 |    285 |   2558 |   3901 |   9 | 1439.4 |
        Temple |    101 |    101 |      0 |      0 |      0 |   1 |  101.0 |
               +--------+--------+--------+--------+--------+-----+--------+

Top non-repeatable levels by time:
     D:8: 2244 daAuts
     D:1: 1686 daAuts
     D:6: 1585 daAuts
     D:2: 1367 daAuts
     D:3: 1349 daAuts
     D:9: 1325 daAuts
     D:5: 1253 daAuts
     D:4: 1199 daAuts
     D:7: 944 daAuts
  Temple: 101 daAuts
